[Event "2nd Serbia Open Masters 2022"]
[Site "Novi Sad"]
[Date "2022.07.02"]
[Round "5.14"]
[White "Babazada, Khazar"]
[Black "Ivanisevic, Ivan"]
[Result "1-0"]
[ECO "C70"]
[WhiteElo "2431"]
[BlackElo "2550"]
[Annotator "TA"]
[PlyCount "81"]
[EventDate "2022.06.28"]
[EventType "swiss"]
[EventCountry "SRB"]
[SourceTitle "playchess.com"]
[Source "ChessBase"]
[SourceQuality "1"]
[TimeControl "40/5400+30:900+30"]

1. e4 {[%emt 0:00:02] ChessBase II} e5 2. Nf3 Nc6 3. Bb5 a6 4. Ba4 Bc5 5. c3 Nge7 6. d4 {[%emt 0:00:07] C70: Ruy Lopez: 3...a6 4 Ba4, Norwegian and Delayed Schliemann.} exd4 7. cxd4 Bb4+ 8. Nc3 {[%emt 0:00:06] White is slightly better.} d5 9. exd5 Qxd5 10. O-O Bxc3 11. bxc3 {[%emt 0:00:05] aiming for Ba3.} Bg4 $1 12. Bxc6+ Qxc6 13. Re1 Bxf3 14. gxf3 Kd7 {[%emt 0:00:16] [#]} 15. d5 $146 ({Predecessor:} 15. Ba3 Ng6 16. Qb3 Qxf3 17. Re3 Qf5 18. Qxb7 Rhe8 19. Rf3 Qe6 20. d5 Qg4+ 21. Rg3 {1-0 (32) Janata,M-Nilsson,N Marianske Lazne 1962 EXT 2000 [ChessBase II]}) 15... Qg6+ 16. Kh1 Nf5 (16... Rae8 $11) 17. Rg1 (17. c4 $5 ) 17... Qh5 (17... Qb6 $11 {remains equal.}) 18. Qa4+ ({Better is} 18. Rb1 $16) 18... b5 $11 19. Qf4 {[%emt 0:00:25] Rg5 is the strong threat.} Rae8 20. Ba3 h6 {[%emt 0:11:39] Inhibits Rg5.} 21. c4 {[%emt 0:11:36] Threatens to win with cxb5.} Re2 (21... Re5 $11) 22. cxb5 $14 Rxf2 23. Raf1 (23. Bc5 $14 Qxf3+ 24. Qxf3 Rxf3 25. bxa6) 23... Rxf1 $11 24. Rxf1 {[%emt 0:00:46] Chess con chili.} axb5 ({Don't do} 24... Qg5 25. Qa4 Qh4 26. Bb4 (26. Qxh4 Nxh4 27. Re1 Nf5 $15) 26... axb5 27. Qxb5+ Kd8 28. Be1 $14) 25. Qc1 {[%emt 0:06:02] White wants to mate with Qc6+.} Qg6 {[%emt 0:02:00] Inhibits Qc6+.} 26. Re1 Qa6 $40 {[%emt 0:02:53][%mdl 128] White needs to defend precisely.} 27. Bb4 Rd8 28. Qc2 $1 g6 29. Rc1 Qb7 30. Ba5 Rc8 31. Qc5 Nd6 (31... h5 $5 ) 32. Bb4 Re8 33. Qd4 {[%emt 0:01:25] Against Re5} Nf5 34. Qd2 {[%emt 0:00:28] [#]} (34. Qf4 $1 $11) 34... Ne3 $2 (34... Re5 $1 $19 35. Ba5 Qxd5 36. Qxd5+ Rxd5 37. Rxc7+ Ke8 38. Rc8+ Ke7) 35. Rc5 Qa7 36. Qc3 {[%emt 0:01:57] Strongly threatening Qf6.} Nc4 (36... Qxa2 $2 {gets mated.} 37. Rxc7+ Kd8 38. Rc8+ Kd7 39. Qc7#) (36... Kc8 $2 37. d6 Nc4 38. Rxc7+ Qxc7 39. dxc7 $18) 37. Qf6 Re1+ 38. Kg2 Nd6 39. Kh3 {[%emt 0:05:59] And now Rc6 would win.} Re2 40. Rc6 Qxa2 $2 {[%emt 0:00:00][%mdl 8192] [#]} (40... Rxh2+ $11 41. Kxh2 Qf2+ 42. Kh1 (42. Kh3 Qf1+ 43. Kh2 Qf2+ 44. Kh3 Qf1+ 45. Kh2 Qf2+ $11) 42... Qf1+ 43. Kh2 Qf2+ 44. Kh3 Qf1+ 45. Kh2 Qf2+) 41. Bxd6 {[%emt 0:02:38] Weighted Error Value: White=0.19 (very precise) /Black=0.40} 1-0

[Event "2nd Serbia Open Masters 2022"]
[Site "Novi Sad"]
[Date "2022.07.02"]
[Round "5.15"]
[White "Harsha Bharathakoti"]
[Black "Kilic, Eray"]
[Result "1-0"]
[ECO "B92"]
[WhiteElo "2547"]
[BlackElo "2192"]
[Annotator "TA"]
[PlyCount "81"]
[EventDate "2022.06.28"]
[EventType "swiss"]
[EventCountry "SRB"]
[SourceTitle "playchess.com"]
[Source "ChessBase"]
[SourceQuality "1"]
[TimeControl "40/5400+30:900+30"]

1. e4 c5 2. Nf3 d6 3. d4 cxd4 4. Nxd4 Nf6 5. Nc3 a6 6. Be2 e5 7. Nb3 Be6 8. Be3 Be7 9. Nd5 Nxd5 10. exd5 Bf5 11. Qd2 Nd7 12. O-O O-O 13. Na5 Qc7 14. c4 {[%emt 0:01:46][%cal Bc2c4,Bc4c5][%mdl 32] B92: Sicilian Najdorf: 6 Be2.} Bg6 15. b4 f5 {[%emt 0:04:30] White must now prevent ...f4.} 16. f4 {[%emt 0:00:08] White is slightly better.} Bf6 ({Black should play} 16... Rad8 $14) 17. Rac1 exf4 18. Bxf4 Be5 19. c5 {[%emt 0:17:45] [#]} Bxf4 $146 ({Predecessor:} 19... dxc5 20. Bxe5 Qxe5 21. bxc5 Nf6 22. Nxb7 Ne4 23. Qb4 Bf7 24. Rfd1 Ng5 25. Qd2 Ne4 {1-0 (33) Huda,M (2278)-Paulet,I (2241) Predeal 2007}) 20. Qxf4 Rae8 {[%emt 0:02:59] [#]} 21. Bf3 Ne5 22. Nc4 Nxc4 23. Qxc4 Bf7 24. Rfe1 g5 25. g3 dxc5 $2 {[%emt 0:01:47] Black cannot hold the game after this.} (25... f4 $16) 26. bxc5 $18 ({Less strong is} 26. Qxc5 Qd7 $16) 26... Rxe1+ 27. Rxe1 Rc8 28. Rc1 Qa5 29. Qc3 Qxa2 (29... Qxc3 30. Rxc3 Be8) 30. d6 g4 31. Bxb7 Rb8 {[%emt 0:01:19] [#]} 32. d7 $1 {[%emt 0:01:38] Intending Bc8 and mate.} Rd8 (32... Rf8 33. Rd1) 33. c6 {[%emt 0:05:44][%cal Bc5c6,Bc6c7][%mdl 32] White threatens c7 and mate.} Bd5 34. Qc2 {[%emt 0:00:44] Active counter play!} Qa3 35. c7 {[%emt 0:00:43] White mates.} Qe3+ 36. Kf1 Qf3+ 37. Qf2 Qh1+ 38. Ke2 Qe4+ 39. Qe3 Qg2+ 40. Ke1 Qh1+ 41. Kd2 {[%emt 0:01:15] Weighted Error Value: White=0.03 (flawless) /Black=0.55} 1-0

[Event "2nd Serbia Open Masters 2022"]
[Site "Novi Sad"]
[Date "2022.07.02"]
[Round "5.16"]
[White "Perunovic, Miodrag"]
[Black "Perunovic, Milos"]
[Result "1/2-1/2"]
[ECO "C67"]
[WhiteElo "2413"]
[BlackElo "2544"]
[Annotator "TA"]
[PlyCount "37"]
[EventDate "2022.06.28"]
[EventType "swiss"]
[EventCountry "SRB"]
[SourceTitle "playchess.com"]
[Source "ChessBase"]
[SourceQuality "1"]
[TimeControl "40/5400+30:900+30"]

1. e4 e5 2. Nf3 Nc6 3. Bb5 Nf6 4. O-O Nxe4 5. Re1 Nd6 6. Nxe5 Nxe5 7. Rxe5+ Be7 8. Bf1 O-O 9. d4 Bf6 10. Re1 Nf5 11. c3 d5 {[%emt 0:00:04] [#] An uneventful encounter. C67: Ruy Lopez: Berlin Defence: 4 0-0 Nxe4.} {Predecessor:} 12. Bf4 $146 c6 13. Nd2 Bg5 14. Bxg5 Qxg5 15. Nf3 Qd8 16. Ne5 Nd6 17. Bd3 Bf5 18. Bxf5 Nxf5 19. Qf3 {½-½ (33) Kamsky,G (2657)-Martirosyan,H (2633) Chess.com INT 2022} 1/2-1/2

[Event "2nd Serbia Open Masters 2022"]
[Site "Novi Sad"]
[Date "2022.07.02"]
[Round "5.17"]
[White "Zanan, Evgeny"]
[Black "Ohanyan, Emin"]
[Result "1/2-1/2"]
[ECO "E36"]
[WhiteElo "2534"]
[BlackElo "2366"]
[Annotator "TA"]
[PlyCount "85"]
[EventDate "2022.06.28"]
[EventType "swiss"]
[EventCountry "SRB"]
[SourceTitle "playchess.com"]
[Source "ChessBase"]
[SourceQuality "1"]
[TimeControl "40/5400+30:900+30"]

1. d4 Nf6 2. c4 e6 3. Nc3 Bb4 4. Qc2 d5 5. a3 Bxc3+ 6. Qxc3 O-O 7. Nf3 b6 {[%emt 0:00:00] E36: Nimzo-Indian: Classical: 4...d5 5 a3.} 8. Bg5 dxc4 9. Qxc4 Ba6 10. Qa4 h6 $1 {[%emt 0:00:00][%mdl 4] is more profitable than 10...c5 at the moment.} 11. Bh4 c5 12. Rd1 b5 13. Qc2 Qa5+ 14. Qd2 Qxd2+ {[%emt 0:00:00] [#]} 15. Rxd2 $146 ({Predecessor:} 15. Nxd2 cxd4 16. Nf3 b4 17. axb4 Nc6 18. Nxd4 Rfc8 19. Bxf6 gxf6 20. e3 Bxf1 21. Rxf1 {½-½ (74) Dreev,A (2623)-Le,Q (2709) Chess.com INT 2022}) 15... Ne4 (15... g5 $5 16. Bg3 c4 $11) 16. Rc2 c4 17. e3 Bb7 18. Be2 Nd7 19. O-O Rfc8 (19... g5 $5 20. Bg3 Nxg3 21. hxg3 Be4 $11) 20. Rfc1 g5 21. Bg3 Nxg3 22. hxg3 Be4 23. Rd2 Nb6 24. Ne5 a5 (24... Kg7 {seems wilder.} 25. Bh5 f6 26. f3 Bf5) 25. f3 Bh7 26. e4 h5 {[%emt 0:01:36] [#] Hoping for ...f6.} 27. d5 exd5 28. exd5 Rc5 29. f4 (29. Nc6 $5 Kg7 30. Rcd1 $11) 29... g4 (29... Nxd5 $2 30. Bf3 (30. Bxh5 Ra7 $11) 30... c3 31. bxc3 (31. Rxd5 Rxd5 32. Rxc3 Rad8 $11) 31... Nxc3 32. Bxa8 $18) (29... Rxd5 $2 30. Rxd5 Nxd5 31. Bf3 $18 (31. Bxh5 Ra7 $16)) 30. d6 f6 (30... Bf5 $15) 31. b4 $11 {[%emt 0:01:36] The position is equal.} axb4 32. axb4 Rcc8 33. d7 Rd8 34. Rd6 fxe5 35. Rxb6 Ra2 ({Don't do} 35... Rxd7 36. Rxb5 Bd3 37. Rxe5 $16) 36. Bf1 Rxd7 37. Rxb5 Bd3 {[%emt 0:00:15] White must now prevent ...e4.} 38. Rxe5 Bxf1 39. Kxf1 Rdd2 40. Rxc4 Rf2+ 41. Ke1 {[%emt 0:00:30] [#] Threatens to win with Rc7.} Rxg2 42. Rc8+ Kf7 43. Rc7+ {[%emt 0:00:06] Weighted Error Value: White=0.05 (flawless) /Black=0.05 (flawless)} 1/2-1/2

[Event "2nd Serbia Open Masters 2022"]
[Site "Novi Sad"]
[Date "2022.07.02"]
[Round "5.18"]
[White "Amartuvshin, Ganzorig"]
[Black "Budisavljevic, Luka"]
[Result "0-1"]
[ECO "D37"]
[WhiteElo "2350"]
[BlackElo "2507"]
[Annotator "TA"]
[PlyCount "88"]
[EventDate "2022.06.28"]
[EventType "swiss"]
[EventCountry "SRB"]
[SourceTitle "playchess.com"]
[Source "ChessBase"]
[SourceQuality "1"]
[TimeControl "40/5400+30:900+30"]

1. d4 d5 2. c4 e6 3. Nf3 Nf6 4. Nc3 a6 5. cxd5 exd5 6. Bg5 {[%emt 0:00:09] D37: Queen's Gambit Declined: 5 Bf4.} Be6 7. e3 Nbd7 8. Bd3 {[%emt 0:00:11] White has an edge.} Bd6 9. Bf4 Bxf4 10. exf4 {[%emt 0:00:10] Threatens to win with f5.} Bg4 11. Qe2+ Kf8 $1 12. O-O c6 {[%emt 0:02:56] [#]} 13. h3 $146 ({Predecessor:} 13. Rfe1 g6 14. h3 Bxf3 15. Qxf3 Qb6 16. Ne2 Kg7 17. f5 Rae8 18. b3 Re7 19. fxg6 hxg6 {1-0 (52) Erigaisi,A (2627)-Vidit,S (2727) Kolkata 2021}) 13... Bxf3 14. Qxf3 Qb6 15. Ne2 Re8 16. f5 Qc7 (16... Qxb2 17. Rfb1 Qa3 18. Rxb7 $14) 17. Rac1 Qd6 18. Rfe1 g5 19. fxg6 hxg6 20. Nf4 Kg7 21. Bxg6 Rxe1+ (21... fxg6 $5 22. Qg3 Rxe1+ 23. Rxe1 Re8 24. Qxg6+ Kf8 25. Qh6+ Kf7 26. Qg6+ Kf8 27. Qh6+ Kf7 28. Qg6+ Kf8 $11) 22. Rxe1 Rh4 23. g4 $1 fxg6 24. Qg3 (24. Ne6+ $1 $11 Kg8 25. Ng5) 24... Kf7 $1 $17 {[%emt 0:00:45] Hoping for ...Rh7. White is now going downhill.} 25. Re6 {[%emt 0:01:05] [#]} (25. Qxh4 $17 Qxf4 26. Qg3 Qxg3+ 27. fxg3) 25... Qb8 $1 $19 26. Qe3 {[%emt 0:02:19] Re7+ would kill now.} (26. Qxh4 Qxf4) 26... Qd8 {[%emt 0:05:57] Against Re7+. aiming for ...g5.} 27. Rd6 {[%emt 0:01:06] [#]} (27. Re7+ $142 Qxe7 28. Qxe7+ Kxe7 29. Nxg6+ Ke6 30. Nxh4) 27... Ne4 $1 {[%emt 0:01:05] ...g5 is the strong threat.} 28. Re6 ({Not} 28. Rxg6 $2 Nf8 29. f3 Nxg6 $19) 28... g5 29. Rxe4 dxe4 {[%emt 0:00:28] Really sharp!} 30. Qb3+ Ke8 31. Ng6 {[%emt 0:00:08] White wants to mate with Qe6+.} Qf6 {[%emt 0:01:37][%csl LRd4,LRg6] Prevents Qe6+.} 32. Nxh4 gxh4 33. Qxb7 $2 {[%emt 0:00:06] [#]} (33. d5 {nothing else works.}) 33... e3 $1 34. fxe3 Qf3 35. Qxa6 (35. Qc7 $19 Qxe3+ 36. Kg2 Qe4+ 37. Kf2) 35... Qxe3+ 36. Kf1 Qxh3+ 37. Ke1 Qg3+ 38. Kf1 Qf3+ {[%emt 0:00:15] Black mates.} 39. Ke1 h3 40. Qc8+ Ke7 41. Qh8 Qe4+ 42. Kf2 Qg2+ 43. Ke3 h2 44. Qh7+ Kd8 {[%emt 0:00:06] Weighted Error Value: White=0.59/Black=0.03 (flawless)} 0-1

[Event "2nd Serbia Open Masters 2022"]
[Site "Novi Sad"]
[Date "2022.07.02"]
[Round "5.19"]
[White "Ceres, Dragos"]
[Black "Muradli, Mahammad"]
[Result "0-1"]
[ECO "B22"]
[WhiteElo "2380"]
[BlackElo "2539"]
[Annotator "TA"]
[PlyCount "86"]
[EventDate "2022.06.28"]
[EventType "swiss"]
[EventCountry "SRB"]
[SourceTitle "playchess.com"]
[Source "ChessBase"]
[SourceQuality "1"]
[TimeControl "40/5400+30:900+30"]

1. e4 c5 2. c3 Nf6 3. e5 Nd5 4. d4 cxd4 5. Nf3 d6 6. cxd4 Nc6 7. Bc4 dxe5 $1 {[%emt 0:00:05][%mdl 4] is currently scoring better than 7...Nb6.} 8. dxe5 Ndb4 9. a3 {[%emt 0:20:44] [#] And now Qxd8+ would win. B22: Sicilian: 2 c3.} Qxd1+ 10. Kxd1 Na6 11. h3 {[%emt 0:01:51] Black is slightly better.} Bf5 12. Be3 {[%emt 0:05:17] [#]} Nc7 $146 ({Predecessor:} 12... e6 13. Nbd2 Nc5 14. Ke2 O-O-O 15. Rhc1 Kb8 16. Bxc5 Bxc5 17. Nb3 Bb6 18. Rd1 h6 19. Rac1 Bc7 20. Nc5 Rxd1 21. Rxd1 Rd8 22. Rxd8+ {½-½ (22) Braun,G (2318)-Schoene,M (2198) Germany 2009}) 13. Nc3 g6 14. Nb5 Nxb5 15. Bxb5 Be4 16. Ke2 Bg7 17. Rhd1 a6 18. Bxc6+ Bxc6 19. Bd4 O-O 20. Bc3 Rac8 21. Ne1 (21. Kf1 $15) 21... Ba4 $17 22. Rd2 Bh6 23. Rd4 Bb5+ 24. Kf3 f6 $36 {[%emt 0:00:20][%mdl 2048] Black is on the roll.} 25. e6 Rc6 26. a4 Bc4 27. Nc2 Rfc8 28. Re1 Bb3 {[%emt 0:00:27] A strong pair of Bishops.} ({Much worse is} 28... Bxe6 $6 29. Nb4 $15) 29. Nb4 Rxe6 30. Rxe6 Bxe6 31. Re4 Kf7 {[%emt 0:00:12] [#] Strongly threatening ...a5.} 32. Rh4 (32. a5 {was called for.}) 32... Bg7 $19 ({And not} 32... Kg7 33. a5) 33. Rxh7 g5 34. h4 g4+ 35. Ke3 Kg6 36. Rxg7+ Kxg7 {[%emt 0:00:08][%mdl 4096] Endgame KRB-KBN} 37. a5 Bf7 38. Nd3 e5 39. g3 Bc4 40. Ne1 Kg6 41. Kd2 Rd8+ 42. Ke3 Kf5 43. Bd2 Rd4 {[%emt 0:00:24] Weighted Error Value: White=0.19 (very precise) /Black=0.03 (flawless)} 0-1

[Event "2nd Serbia Open Masters 2022"]
[Site "Novi Sad"]
[Date "2022.07.02"]
[Round "5.20"]
[White "Santiago, Yago De Moura"]
[Black "Shahil Dey"]
[Result "1/2-1/2"]
[ECO "E07"]
[WhiteElo "2498"]
[BlackElo "2369"]
[Annotator "TA"]
[PlyCount "53"]
[EventDate "2022.06.28"]
[EventType "swiss"]
[EventCountry "SRB"]
[SourceTitle "playchess.com"]
[Source "ChessBase"]
[SourceQuality "1"]
[TimeControl "40/5400+30:900+30"]

1. d4 d5 2. c4 c6 3. Nf3 Nf6 4. Nc3 e6 5. g3 Nbd7 6. Bg2 Be7 7. O-O O-O 8. b3 b6 9. Bb2 Bb7 {[%emt 0:04:01] 9...Ba6 deserves study.} 10. Nd2 c5 {[%emt 0:04:49] E07: Closed Catalan: Main Line (5 Nf3 0-0 6 0-0 Nbd7).} 11. dxc5 Nxc5 12. cxd5 Nxd5 13. Nce4 Nxe4 14. Nxe4 {[%emt 0:00:12] [#]} f5 $146 ({Predecessor:} 14... Rc8 15. Qd4 f6 16. Rfd1 Rc2 17. Rd2 Qc8 18. Bh3 Rd8 19. Rxc2 Qxc2 20. Bxe6+ Kf8 {0-1 (29) Ferrara,A (2185)-Lauridsen,J (2257) Villa Martelli 1999}) 15. Nc3 ({Wrong is} 15. Qd4 $2 Rf7 16. Bh3 Qd7 $19) 15... Nxc3 16. Bxc3 Bxg2 17. Kxg2 Rc8 18. Qd4 Qxd4 19. Bxd4 Rfd8 20. Rfd1 Kf7 21. a4 {[%emt 0:01:18] The position is equal.} Bf6 22. Bxf6 Kxf6 23. a5 Rxd1 24. Rxd1 bxa5 25. Rd7 a6 26. Rd6 Rb8 27. Kf3 $2 {[%emt 0:12:58] Weighted Error Value: White=0.06 (flawless) /Black=0.03 (flawless)} (27. Rxa6 $11 {and White is okay.} Rb5 28. h4) 1/2-1/2

[Event "2nd Serbia Open Masters 2022"]
[Site "Novi Sad"]
[Date "2022.07.02"]
[Round "5.23"]
[White "Pranav Vijay"]
[Black "Rohith Krishna S"]
[Result "1-0"]
[ECO "C91"]
[WhiteElo "2265"]
[BlackElo "2337"]
[Annotator "TA"]
[PlyCount "91"]
[EventDate "2022.06.28"]
[EventType "swiss"]
[EventCountry "SRB"]
[SourceTitle "playchess.com"]
[Source "ChessBase"]
[SourceQuality "1"]
[TimeControl "40/5400+30:900+30"]

1. e4 e5 2. Nf3 Nc6 3. Bb5 a6 4. Ba4 Nf6 5. O-O Be7 6. Re1 b5 7. Bb3 d6 8. c3 O-O 9. d4 Bb7 10. Nbd2 h6 11. Nf1 {[%emt 0:02:00] C91: Closed Ruy Lopez: 7...d6 8 c3 0-0 9 d4.} Na5 12. Bc2 Re8 13. a4 {[%emt 0:05:05] White is slightly better.} exd4 14. cxd4 Bf8 15. Ng3 c5 16. Bf4 Nc6 {[%emt 0:09:59] [#]} 17. d5 $146 ({Predecessor:} 17. axb5 axb5 18. Rxa8 Qxa8 19. d5 Nb4 20. Bb1 Bc8 21. Bd2 Na6 22. Bc3 Ng4 23. e5 {1-0 (35) Ilyuchyk,Y (2119)-Poliakova,V (1952) Minsk 2020}) 17... Nb4 18. Bb1 Nd7 19. Bd2 bxa4 (19... g6 $14) 20. Nf5 $16 (20. Rxa4 g6 $14) 20... a5 (20... Bc8 $16) 21. Bc3 $2 (21. Rxa4 Nb6 $14) (21. N3h4 $18) 21... g6 $14 22. Ne3 Ba6 23. Qxa4 Nb6 24. Qd1 ({But not} 24. Qxa5 $2 Bb7 25. Qxa8 (25. Bxb4 $2 cxb4 26. Qxb4 Rxa1 $19) 25... Bxa8 $19) 24... Bc8 {[%emt 0:01:44] Prevents Ng4.} 25. Nd2 (25. h4 $142) 25... Bd7 (25... Bg7 $142) 26. f4 $1 $16 Bg7 27. Nf3 {[%emt 0:00:59] Inhibits Bd4.} Bb5 28. f5 Nd7 {[%emt 0:01:26] Against e5} 29. fxg6 fxg6 30. e5 Nxe5 31. Nxe5 Rxe5 {[%emt 0:00:07] A mistake that costs the game.} (31... Bxe5 $16 32. Bxg6 Qh4 33. Bxe5 Rxe5) 32. Bxe5 $18 ({Weaker is} 32. Bxg6 Qg5 33. Bxe5 Bxe5 $14) 32... Bxe5 {[%emt 0:00:05] [#]} 33. Ng4 $1 Bd4+ 34. Kh1 Bd7 {[%emt 0:00:06] Inhibits Re6.} (34... Qg5) 35. Ra3 Bg7 (35... Nxd5 $142 36. Ba2 Bc6) 36. Rg3 {[%emt 0:01:15][%cal Og4h6] Intending Nxh6+! and mate.} Qh4 37. Bxg6 {[%emt 0:01:08][%cal Bb1g6,Bg6f5,Bf5e6][%mdl 32] Black must now prevent Rf1.} Rf8 38. Rf1 {[%emt 0:00:38] Strongly threatening Rxf8+.} Rd8 (38... Rxf1+ 39. Qxf1 Qe7 {[#]} 40. Nxh6+ $1 Kh8 41. Nf5 $18) (38... Bxg4 39. Rxg4 Rxf1+ 40. Qxf1 Qf6) 39. Bf5 Bb5 40. Be6+ Kh8 41. Rf5 {[%emt 0:03:04][%cal Og4h6] aiming for Nxh6!} Rf8 42. Rxf8+ {[%emt 0:00:10] White mates.} Bxf8 43. Qf3 Be7 44. Ne5 dxe5 45. Rg8+ Kh7 46. Qf7# {[%emt 0:00:06] Weighted Error Value: White=0.14 (very precise) /Black=0.54} 1-0

[Event "2nd Serbia Open Masters 2022"]
[Site "Novi Sad"]
[Date "2022.07.02"]
[Round "5.24"]
[White "Parkhov, Yair"]
[Black "Spasic, Petar"]
[Result "1/2-1/2"]
[ECO "D35"]
[WhiteElo "2460"]
[BlackElo "2336"]
[Annotator "TA"]
[PlyCount "306"]
[EventDate "2022.06.28"]
[EventType "swiss"]
[EventCountry "SRB"]
[SourceTitle "playchess.com"]
[Source "ChessBase"]
[SourceQuality "1"]
[TimeControl "40/5400+30:900+30"]

1. d4 d5 2. c4 e6 3. Nc3 Nf6 4. cxd5 exd5 5. Bg5 Be7 6. e3 c6 7. Bd3 Ne4 8. Bf4 Qa5 9. Nge2 O-O 10. Bxe4 dxe4 11. O-O f5 12. d5 Rf7 13. Nd4 Bd7 14. a3 cxd5 15. Qb3 Qa6 16. Nxd5 Bd8 17. a4 Nc6 18. Nb5 Be6 19. Nd6 Ne7 20. Nxe7+ Rxe7 21. Qc3 Bc7 22. Nxf5 Bxf5 23. Bxc7 Rc8 24. Qa5 Qxa5 25. Bxa5 Rc2 26. Bc3 Bg4 27. Bd4 a6 28. Rfc1 Rec7 29. Rxc2 Rxc2 30. Bc3 Kf7 31. h4 g6 32. a5 Bd7 33. Rd1 Ke7 34. Rd5 Bc6 35. Re5+ Kd6 36. Rg5 Rc1+ 37. Kh2 Rd1 38. Kg3 Rd5 39. Kf4 Ke6 40. Rxd5 Bxd5 41. Kg5 Kf7 42. Kh6 Kg8 43. h5 gxh5 44. Kxh5 Kf7 45. Kh6 Kg8 46. Kg5 Kf7 47. Be5 Bc6 48. Bd4 Bd5 49. Kf4 Ke6 50. f3 Bc6 51. Kg4 Bb5 52. f4 Bc6 53. Kg5 Kf7 54. Kf5 Bd5 55. Kg5 Bc4 56. g4 Bd3 57. f5 Bc2 58. Kf4 Bd3 59. Ke5 Bc2 60. g5 Bd3 61. b4 Bc2 62. Kd6 Ba4 63. Ke5 Bc2 64. Bc3 Bd3 65. Be1 Bc2 66. Kd6 Bb3 67. Kc7 Bd5 68. Kb6 Bc6 69. Bc3 Bd5 70. Kc5 Bb3 71. Bh8 Ba2 72. Kd6 Bb3 73. Ke5 Bc2 74. Kf4 Bd3 75. Kg4 Be2+ 76. Kh4 Bd1 77. Bd4 Be2 78. Kg3 Bd1 79. Kf4 Bc2 80. Bb2 Bb1 81. Kg4 Bc2 82. Kh5 Bb1 83. Kh6 Kg8 84. g6 hxg6 85. Kxg6 Bc2 86. Kf6 Bb1 87. Ke7 Bc2 88. Be5 Bb1 89. Kd7 Ba2 90. Kc7 Bd5 91. Kd6 Bb3 92. Kc5 Kf7 93. Bh8 Ba2 94. Kb6 Bd5 95. Ka7 Bc6 96. Bc3 Bd5 97. Kb8 Bc6 98. Kc8 Bd5 99. Bd4 Bc6 100. Kd8 Bd5 101. Kd7 Bb3 102. Kd6 Ba2 103. Ke5 Bb1 104. Bc5 Bc2 105. f6 Bb1 106. Be7 Bc2 107. Kd5 Bb1 108. Kd6 Ba2 109. Kc5 (109. Ke5 $16) 109... Ke6 $14 110. Kb6 Bd5 111. Kc7 Bc6 112. Kb6 Bd5 113. Bd8 Kf7 114. Kc5 Ba2 115. Kd4 Bb1 116. Ke5 $1 Bc2 117. Bb6 Bb1 118. Bd4 Bc2 119. Bc3 Bb1 120. Kd6 Ba2 121. Ke5 Bb1 122. Be1 Bc2 123. Bd2 Bb1 124. Bc1 Bc2 125. Bb2 Bb1 126. Kd6 Ba2 127. Kc7 Bd5 128. Kd7 Ba2 {[%emt 0:00:21] [#]} 129. Kd6 $1 Bb3 130. Ba1 Ba2 131. Be5 Bb3 132. b5 axb5 133. Kc5 b4 134. Bd4 Ke6 135. Kb6 Bd5 136. Kc5 Bb3 $1 137. Kxb4 Bc2 138. Kc5 Bd3 139. Be5 Kf7 140. Kd5 Bc2 {[%emt 0:00:12] [#]} 141. Bc3 $1 Bd3 142. Ke5 Bc2 143. Bb4 Bd3 144. Be7 Bc2 145. Kd4 Bd3 146. Kc5 Ke6 147. Kb6 Ba6 148. Kc7 Kf7 149. Kb8 Ke6 150. Kc8 (150. Bd8 $16) 150... b6+ $14 151. Kc7 bxa5 152. Kb6 Bd3 153. Kxa5 Kf7 1/2-1/2